Map: [ESL] Waterfall

Players

PattyMac

  • Race: Protoss Protoss
  • Spawn Location: 7:00

Astrea - Winner!

  • Race: Protoss Protoss
  • Spawn Location: 1:00

Event: DreamHack SC2 Masters 2022 Atlanta (Online)

VOD

Have the link to the VOD?

Description

Time

  • Played on: Oct. 4, 2022, 4:38 p.m.
  • Length: 11:35

All games in this series

Show
View Real Time Build Order
Export as new Build Order

PattyMac Protoss 

Build Orders: Dark Templar Rush 

Get SALT Encoding   

  12  0:00  Probe  
  13  0:12  Probe  
  14  0:17  Pylon  
  14  0:24  Probe (Chrono Boost)  
  15  0:36  Probe (Chrono Boost)  
  15  0:38  Gateway  
  16  0:45  Probe (Chrono Boost)  
  16  0:47  Assimilator  
  17  0:51  Probe  
  17  0:56  Assimilator  
  18  1:03  Probe (Chrono Boost)  
  19  1:06  Pylon  
  19  1:13  Probe (Chrono Boost)  
  20  1:19  Probe  
  20  1:25  Cybernetics Core  
  21  1:32  Probe  
  22  1:34  Pylon  
  22  1:42  Zealot (Chrono Boost)  
  22  1:44  Probe  
  25  1:56  Probe  
  26  2:06  Stalker (Chrono Boost)  
  26  2:07  Stargate  
  28  2:18  Cybernetics Core  
  28  2:21  Warp Gate  
  28  2:29  Stalker  
  30  2:39  Pylon  
  30  2:40  Twilight Council  
  30  2:50  Gateway  
  30  3:03  Robotics Facility  
  32  3:14  Shield Battery  
  32  3:17  Dark Shrine  
  30  3:25  Gateway  
  30  3:48  Warp Prism (Chrono Boost)  
  28  4:11  Nexus  
  26  4:29  Dark Templar x2  
  26  4:31  Observer, Probe  
  31  4:39  Blink (Chrono Boost)  
  31  4:43  Probe  
  32  4:55  Probe  
  32  4:58  Stalker  
  35  5:05  Stalker  
  36  5:07  Probe  
  37  5:19  Probe  
  38  5:24  Stalker  
  40  5:31  Probe  
  40  5:33  Probe  
  42  5:43  Stalker x2  
  42  5:44  Probe  
  43  5:52  Probe  
  43  5:53  Stalker  
  43  5:56  Probe  
  47  6:00  Gateway  
  47  6:04  Probe  
  47  6:08  Probe, Pylon  
  49  6:15  Stalker  
  49  6:16  Probe  
  52  6:18  Stalker  
  54  6:27  Pylon x2  
  54  6:37  Pylon  
  54  6:38  Assimilator  
  54  6:45  Probe x2  
  56  6:56  Nexus  
  56  6:57  Probe x2  
  56  7:00  Robotics Facility  
  57  7:10  Stalker  
  57  7:13  Probe  
  60  7:16  Probe  
  60  7:19  Shield Battery  
  61  7:31  Stalker x2  
  61  7:34  Probe  
  66  7:37  Charge (Chrono Boost)  
  66  7:41  Pylon  
  66  7:46  Probe  
  66  7:49  Observer (Chrono Boost)  
  68  7:52  Probe  
  68  7:57  Gateway  
  69  7:59  Gateway  
  69  8:00  Gateway  
  69  8:01  Probe  
  69  8:04  Stalker  
  72  8:07  Probe (Chrono Boost)  
  72  8:10  Stalker  
  72  8:12  Probe (Chrono Boost)  
  78  8:21  Probe (Chrono Boost)  
  78  8:23  Pylon  
  78  8:24  Probe (Chrono Boost), Stalker  
  80  8:29  Pylon  
  80  8:41  Dark Shrine, Probe x2  
  80  8:43  Stalker  
  80  8:45  Probe  
  85  8:49  Pylon  
  85  8:50  Stalker  
  85  8:56  Gateway  
  85  8:57  Probe, Gateway  
  85  8:59  Pylon  
  86  9:03  Forge  
  86  9:10  Stalker x2  
  86  9:13  Probe  
  86  9:15  Assimilator  
  91  9:18  Pylon  
  87  9:37  Stalker x3  
  77  9:39  Observer (Chrono Boost)  
  77  9:44  Stalker  
  77  9:45  Stalker x2  
  65  9:47  Probe  
  65  9:50  Probe  
  55  9:54  Probe  
  55  9:55  Dark Templar  
  55  9:59  Probe  
  54  10:02  Probe  
  54  10:07  Probe  
  56  10:09  Stalker  
  56  10:10  Pylon  
  56  10:11  Probe  
  59  10:14  Probe  
  59  10:19  Probe  
  61  10:23  Stalker x2  
  65  10:29  Pylon  
  59  10:38  Stalker x2  
  59  10:39  Probe (Chrono Boost)  
  62  10:44  Probe (Chrono Boost)  
  62  10:45  Probe (Chrono Boost)  
  64  10:52  Probe (Chrono Boost)  
  64  10:55  Probe x2 (Chrono Boost)  
  67  10:57  Probe (Chrono Boost)  
  67  11:00  Dark Templar  
  67  11:03  Probe  
  63  11:08  Zealot x2  
  58  11:12  Probe (Chrono Boost)  
  58  11:17  Probe x2 (Chrono Boost)  
  60  11:28  Probe (Chrono Boost)  
Show
View Real Time Build Order
Export as new Build Order

Astrea Protoss - Winner!

Build Orders: Phoenix Opening 

Get SALT Encoding   

  12  0:00  Probe  
  13  0:12  Probe  
  14  0:17  Pylon  
  14  0:24  Probe (Chrono Boost)  
  15  0:36  Probe (Chrono Boost)  
  15  0:38  Gateway  
  16  0:45  Probe (Chrono Boost)  
  16  0:46  Assimilator  
  17  0:51  Probe  
  18  1:03  Probe  
  19  1:15  Probe (Chrono Boost)  
  20  1:19  Pylon  
  20  1:20  Assimilator  
  21  1:26  Probe (Chrono Boost)  
  21  1:27  Cybernetics Core  
  21  1:30  Probe (Chrono Boost)  
  22  1:37  Zealot  
  24  1:41  Probe  
  25  1:53  Probe  
  26  2:06  Probe  
  27  2:08  Adept  
  27  2:13  Stargate  
  29  2:18  Probe  
  29  2:22  Pylon  
  30  2:25  Warp Gate  
  30  2:31  Probe  
  30  2:40  Stalker  
  30  2:43  Probe  
  33  2:55  Probe  
  34  3:08  Phoenix (Chrono Boost)  
  36  3:13  Gateway  
  36  3:16  Gateway  
  36  3:20  Shield Battery  
  36  3:22  Shield Battery  
  36  3:24  Stalker  
  38  3:42  Pylon  
  36  3:53  Probe  
  41  4:03  Robotics Facility  
  41  4:07  Oracle (Chrono Boost)  
  40  4:18  Stalker x2  
  40  4:19  Stalker  
  46  4:25  Pylon  
  46  4:29  Pylon  
  46  4:38  Nexus  
  46  4:50  Observer (Chrono Boost), Probe  
  48  5:02  Probe  
  49  5:09  Twilight Council  
  49  5:14  Probe  
  50  5:26  Probe (Chrono Boost)  
  44  5:38  Probe (Chrono Boost)  
  43  5:43  Probe (Chrono Boost)  
  43  5:48  Blink (Chrono Boost)  
  43  5:50  Probe  
  43  5:53  Probe (Chrono Boost)  
  45  6:02  Probe (Chrono Boost)  
  46  6:10  Probe (Chrono Boost), Stalker  
  50  6:12  Probe (Chrono Boost)  
  50  6:16  Probe (Chrono Boost)  
  50  6:17  Probe (Chrono Boost)  
  52  6:28  Probe x2, Stalker x2  
  58  6:38  Pylon  
  58  6:40  Probe  
  58  6:41  Probe  
  58  6:47  Stalker  
  58  6:52  Probe  
  58  6:53  Probe  
  60  6:56  Stalker x2  
  62  7:05  Probe x2  
  64  7:10  Stalker  
  66  7:17  Probe x2, Assimilator  
  66  7:20  Dark Shrine  
  68  7:28  Pylon  
  68  7:29  Probe x2  
  70  7:32  Nexus  
  70  7:41  Probe x2  
  70  7:43  Stalker x3  
  78  7:53  Probe  
  78  7:54  Probe  
  80  7:58  Charge (Chrono Boost)  
  80  8:02  Gateway  
  80  8:03  Gateway  
  80  8:07  Probe  
  80  8:10  Shield Battery  
  81  8:17  Probe  
  82  8:24  Probe  
  83  8:29  Stalker x2  
  84  8:34  Probe  
  84  8:36  Probe  
  85  8:46  Probe x2  
  87  8:52  Probe  
  88  8:56  Dark Templar  
  88  8:57  Dark Templar x2  
  88  8:58  Probe  
  88  9:02  Stalker x2  
  99  9:05  Probe  
  100  9:12  Gateway  
  100  9:14  Gateway  
  100  9:17  Gateway  
  100  9:26  Pylon  
  100  9:27  Pylon  
  100  9:28  Pylon  
  92  9:33  Stalker x3  
  92  9:36  Stalker x2  
  86  9:56  Probe x2  
  86  9:57  Probe  
  86  9:59  Warp Prism (Chrono Boost)  
  83  10:01  Stalker x2  
  89  10:08  Probe  
  89  10:09  Probe x2  
  89  10:12  Stalker  
  89  10:13  Stalker  
  96  10:17  Zealot  
  96  10:20  Probe  
  97  10:26  Observer  
  97  10:32  Pylon  
  97  10:35  Probe  
  92  10:39  Probe x2  
  92  10:41  Nexus, Forge  
  94  10:45  Assimilator  
  94  10:47  Observer  
  94  10:49  Stalker x2  
  98  10:50  Stalker  
  100  11:01  Probe  
  98  11:17  Probe  
  98  11:18  Probe x2  
  99  11:22  Photon Cannon, Stalker x2  
Tags
 
Add a new tag
Caveats
  • Supply blocks, unpowered buildings, or Contaminate may cause inaccurate times.
  • Supply counts are checked every 10 seconds.